AoeStats
← Paco Jidonez

Arabia

509816486Analyzed
1v1 RM · 4d ago on Sep 28, 2026· 32m 55s· 2 players
Game mode
Random Map
Map size
Tiny (2 player)
Population
200
Speed
Normal
Resources
Standard
Victory
Conquest
Starting age
Dark Age
Ending age
Imperial Age
RankedLock teamsTeams togetherTeam positionsShared explorationLock speedFull tech treeHidden civsTurbo modeCheats
Victory
Defeat
🇨🇦 Mongols · Canada
733
+41
🇲🇽 Magyars · Mexico
755
-17
Cuddwy
5:45 Loom
8:29 Feudal Age
17:02 Fletching
24:33 Horse Collar
25:04 Double-Bit Axe
29:27 Castle Age
32:22 Bodkin Arrow
32:57 Padded Archer Armor
Paco Jidonez
10:16 Feudal Age
27:34 Horse Collar
28:37 Double-Bit Axe
29:51 Man-at-Arms
Connection lost

Rejoining the realm…

Still unreachable

The connection could not be restored.

Session expired

The server has moved on; the page needs a fresh start.